Map: Jagannatha LE

Players

黑羽快斗 (ButAlways) - Winner!

  • Race: Protoss Protoss
  • League: Master

GogojOey

  • Race: Zerg Zerg

Event: DreamHack SC2 Masters 2021 Summer

VOD

Have the link to the VOD?

Description

Time

  • Played on: May 20, 2021, 9 a.m.
  • Length: 11:19

All games in this series

Show
View Real Time Build Order
Export as new Build Order

黑羽快斗 Protoss - Winner!

Build Orders: 1 Gate Expand, Oracle Opening, Archon Immortal, Archon Drop 

Get SALT Encoding   

  12  0:00  Probe  
  13  0:12  Probe  
  14  0:20  Pylon  
  14  0:24  Probe  
  15  0:38  Probe (Chrono Boost), Gateway  
  16  0:48  Assimilator  
  16  0:49  Probe (Chrono Boost)  
  17  0:53  Probe (Chrono Boost)  
  18  1:04  Probe  
  19  1:16  Probe  
  20  1:24  Nexus  
  20  1:35  Cybernetics Core  
  20  1:38  Probe  
  21  1:44  Assimilator  
  21  1:50  Probe  
  22  1:54  Pylon  
  22  2:02  Probe (Chrono Boost)  
  23  2:13  Stargate  
  23  2:14  Probe (Chrono Boost), Adept (Chrono Boost)  
  24  2:20  Probe (Chrono Boost)  
  27  2:26  Warp Gate  
  27  2:28  Probe  
  28  2:36  Probe  
  31  2:49  Probe  
  33  2:51  Probe  
  33  2:53  Oracle (Chrono Boost)  
  34  2:59  Adept  
  34  3:01  Probe  
  34  3:03  Probe  
  38  3:13  Probe  
  38  3:15  Probe  
  38  3:22  Gateway  
  38  3:24  Oracle (Chrono Boost)  
  38  3:25  Probe  
  42  3:27  Probe  
  42  3:33  Pylon  
  43  3:37  Probe  
  43  3:39  Probe  
  45  3:49  Probe  
  45  3:52  Probe, Assimilator, Robotics Facility  
  45  3:53  Assimilator  
  47  4:01  Probe, Pylon  
  48  4:04  Probe  
  48  4:05  Twilight Council  
  49  4:13  Probe  
  49  4:16  Probe  
  51  4:20  Gateway  
  51  4:22  Pylon  
  51  4:24  Gateway  
  51  4:25  Probe  
  51  4:26  Pylon  
  51  4:28  Probe  
  53  4:35  Pylon  
  53  4:37  Warp Prism (Chrono Boost)  
  53  4:44  Templar Archives  
  55  4:49  Adept  
  55  4:50  Adept  
  59  4:55  Probe  
  59  4:57  Probe  
  61  5:03  Pylon  
  61  5:08  Charge  
  61  5:15  Stalker  
  61  5:17  Nexus  
  63  5:23  Probe x2  
  65  5:29  High Templar  
  65  5:30  High Templar  
  65  5:34  Archon  
  69  5:41  Probe  
  68  5:43  Shield Battery  
  68  5:44  Probe  
  68  5:45  High Templar x2  
  71  5:50  Gateway, Archon  
  71  5:52  Gateway  
  71  5:53  Probe, Gateway  
  71  5:54  Gateway  
  73  5:57  Observer (Chrono Boost)  
  73  6:04  Stalker  
  75  6:07  Pylon  
  75  6:19  Immortal (Chrono Boost)  
  75  6:24  Probe x2  
  81  6:30  Sentry x2  
  81  6:31  Zealot x2  
  89  6:37  Probe x2  
  89  6:38  Probe  
  92  6:41  Forge  
  92  6:42  Pylon x2  
  92  6:47  Assimilator  
  92  6:49  Assimilator  
  92  6:50  Immortal (Chrono Boost)  
  96  6:59  Sentry x2  
  100  7:09  Zealot x3  
  100  7:10  Zealot x3  
  112  7:16  Protoss Ground Weapons Level 1 (Chrono Boost)  
  112  7:22  Photon Cannon  
  112  7:23  Immortal (Chrono Boost)  
  116  7:36  Pylon  
  116  7:38  High Templar  
  116  7:39  High Templar, Zealot x2  
  116  7:43  Archon  
  124  7:50  Blink (Chrono Boost)  
  124  7:51  Probe  
  125  7:54  Probe  
  125  7:55  Zealot, Pylon, Immortal (Chrono Boost)  
  132  8:10  Pylon  
  132  8:11  Pylon  
  132  8:22  Probe x2  
  132  8:25  Stalker x3  
  132  8:26  Robotics Bay  
  141  8:28  Pylon, Immortal (Chrono Boost)  
  144  8:36  Zealot x3  
  146  8:50  Stalker x3  
  146  8:51  Stalker x2  
  146  8:55  Pylon  
  154  9:10  Disruptor (Chrono Boost)  
  154  9:16  Zealot x5  
  165  9:25  Stalker x3  
  153  9:45  Warp Prism (Chrono Boost)  
  148  9:56  High Templar x2  
  148  9:57  High Templar x2  
  148  9:58  Nexus, Stalker x3  
  156  10:01  Archon x2  
  156  10:03  Pylon  
  156  10:06  Stalker  
  158  10:14  Disruptor  
  158  10:15  Pylon  
  143  10:42  Stalker x2  
  143  10:43  Stalker x6  
  159  10:50  Probe  
Show
View Real Time Build Order
Export as new Build Order

GogojOey Zerg 

Build Orders: Hatch First 

Get SALT Encoding   

  12  0:00  Drone  
  13  0:12  Overlord  
  13  0:17  Drone  
  14  0:30  Drone x2  
  16  0:38  Drone  
  17  0:54  Drone  
  18  0:57  Hatchery  
  18  0:58  Drone  
  18  1:07  Extractor  
  17  1:12  Spawning Pool  
  17  1:15  Drone  
  17  1:19  Drone  
  18  1:28  Drone  
  19  1:39  Drone  
  20  1:49  Drone  
  21  2:00  Zergling x2  
  22  2:08  Metabolic Boost, Queen  
  22  2:09  Queen  
  22  2:10  Zergling x2  
  22  2:12  Overlord  
  27  2:22  Drone  
  28  2:34  Drone  
  29  2:37  Drone  
  29  2:38  Hatchery  
  29  2:44  Drone x3  
  29  2:48  Queen  
  34  2:54  Overlord  
  34  2:59  Drone  
  34  3:04  Zergling x2  
  35  3:18  Drone x2  
  35  3:19  Drone x7  
  43  3:26  Overlord  
  43  3:28  Spore Crawler  
  43  3:31  Overlord  
  34  3:49  Drone x3  
  34  3:50  Drone, Queen  
  34  3:52  Drone  
  34  3:55  Drone  
  42  3:57  Drone  
  43  4:04  Drone x3  
  43  4:07  Spore Crawler  
  43  4:09  Spore Crawler  
  44  4:12  Drone  
  44  4:13  Drone  
  44  4:15  Drone  
  46  4:29  Drone x8  
  54  4:34  Drone x2  
  56  4:40  Drone x2  
  56  4:41  Roach Warren  
  58  4:52  Drone  
  58  4:53  Drone x4  
  58  4:59  Overlord x2  
  62  5:01  Lair  
  62  5:04  Drone x2  
  62  5:05  Drone  
  65  5:07  Extractor  
  65  5:08  Extractor, Overlord  
  65  5:12  Overlord  
  65  5:13  Spine Crawler  
  62  5:15  Spine Crawler  
  63  5:21  Zergling x4, Roach x3  
  63  5:22  Zergling x2  
  63  5:28  Zergling x4, Roach  
  72  5:42  Zergling x14, Roach  
  80  5:52  Overlord  
  80  5:54  Drone x2  
  82  6:00  Drone x2  
  84  6:04  Drone  
  84  6:05  Glial Reconstitution  
  84  6:07  Extractor, Drone  
  84  6:08  Drone, Extractor, Overlord  
  84  6:09  Drone x2  
  84  6:10  Evolution Chamber  
  81  6:21  Roach x3  
  81  6:22  Queen  
  81  6:23  Drone x2  
  87  6:25  Overlord  
  87  6:26  Overlord  
  87  6:30  Drone x3  
  90  6:35  Drone x3  
  90  6:36  Drone x2  
  93  6:41  Drone x2  
  93  6:42  Zerg Missile Weapons Level 1  
  93  6:46  Roach  
  97  6:47  Extractor  
  97  6:50  Roach x3  
  97  6:51  Roach  
  103  6:57  Overlord  
  101  7:03  Roach x5  
  101  7:04  Overseer  
  111  7:17  Hatchery  
  111  7:19  Roach x6  
  122  7:24  Overlord x2  
  122  7:33  Overlord  
  122  7:35  Overlord x2  
  122  7:38  Overlord  
  122  7:41  Queen x2  
  126  7:44  Roach x2  
  126  7:45  Roach x2  
  126  7:48  Roach  
  126  7:49  Ravager  
  126  7:50  Ravager  
  138  7:53  Ravager  
  138  7:57  Roach  
  138  7:58  Roach  
  143  8:05  Overlord  
  143  8:12  Roach x5  
  153  8:14  Queen  
  153  8:19  Ravager  
  158  8:20  Zergling x4, Roach  
  158  8:21  Hatchery  
  158  8:24  Drone  
  158  8:25  Drone x3  
  158  8:26  Drone x2  
  165  8:28  Roach  
  165  8:32  Roach  
  169  8:37  Roach  
  171  8:42  Roach  
  171  8:43  Roach  
  171  8:45  Zerg Missile Weapons Level 2  
  171  8:47  Overlord  
  175  8:50  Overlord x2  
  175  8:54  Overlord x2  
  175  8:58  Overlord  
  175  9:00  Zergling x6  
  175  9:01  Overlord  
  178  9:11  Roach x6  
  178  9:16  Roach  
  192  9:23  Roach x4  
  192  9:27  Roach x5  
  178  9:49  Roach x6  
  178  9:50  Roach x5  
  198  9:53  Spire  
  198  9:57  Spore Crawler  
  198  9:58  Roach  
  198  10:05  Ravager  
  185  10:40  Zergling x28, Roach  
  159  10:46  Roach  
  151  10:53  Roach x6  
Tags
 
Add a new tag
Caveats
  • Supply blocks, unpowered buildings, or Contaminate may cause inaccurate times.
  • Supply counts are checked every 10 seconds.